 Dungeon Crawl Stone Soup version 0.31.0-32-g396128a36d (webtiles) character file.

Game seed: 15463449828865423331

12 Peloso the Shield-Bearer (level 2, -2/27 HPs)
             Began as a Minotaur Fighter on Apr 19, 2024.
             Succumbed to a kobold's poison
             ... on level 1 of the Dungeon.
             The game lasted 00:00:27 (298 turns).

Peloso the Shield-Bearer (Minotaur Fighter)          Turns: 298, Time: 00:00:27

Health: -2/27      AC:  7    Str: 20    XL:     2   Next: 20%
Magic:  1/1        EV:  9    Int:  5    God:
Gold:   9          SH:  4    Dex:  9    Spells: 1/1 levels left

rFire   . . .        a - +0 long sword
rCold   . . .        c - +0 buckler
rNeg    . . .        b - +0 scale mail
rPois   .            (helmet restricted)
rElec   .            (no cloak)
rCorr   .            (no gloves)
SInv    .            (no boots)
Will    .....        (no amulet) Stlth
                     (no ring)
HPRegen 0.24/turn    (no ring)
MPRegen 0.07/turn

%: no passive effects
@: lethally poisoned (-2 -> -21)
A: horns 2, retaliatory headbutt
a: no special abilities


You were on level 1 of the Dungeon.
You visited 1 branch of the dungeon, and saw 1 of its levels.

You collected 9 gold pieces.

Inventory:

Hand Weapons
 a - a +0 long sword (weapon)
Armour
 b - a +0 scale mail (worn)
 c - a +0 buckler (worn)
Jewellery
 e - a ring of poison resistance
Scrolls
 f - a scroll of enchant weapon {unknown}
 g - a scroll of immolation {unknown}
Potions
 d - a potion of might


   Skills:
 + Level 3.8 Fighting
 + Level 2.7 Long Blades
 + Level 3.8 Armour
 + Level 3.9 Shields


You had one spell level left.
You didn't know any spells.
Your spell library was empty.

Dungeon Overview and Level Annotations

Branches:
Dungeon (1/15)

Altars:


Innate Abilities, Weirdness & Mutations

You have a pair of horns on your head.
You reflexively headbutt those who attack you in melee.


Message History

Found a scroll labelled PAFFEU ZIHUU and a dagger.
There is a stone staircase leading down here.
You hit the goblin.
The goblin is heavily wounded.
The kobold misses you. The goblin hits you with a +0 dagger.
The goblin hits you but does no damage.
The kobold hits you with a +2 short sword of venom.
You slash the goblin!
You kill the goblin!
You block the giant cockroach's attack. The kobold hits you but does no damage.
The giant cockroach waves its antennae.
You block the giant cockroach's attack. The giant cockroach barely misses you.
The kobold hits you but does no damage.
You are poisoned.
Things that are here:
a +0 dagger; a goblin corpse You hit the kobold.
The kobold is moderately wounded.
You feel sick. You block the giant cockroach's attack.
The kobold hits you but does no damage.
The giant cockroach bites you but does no damage.
You barely miss the kobold.
The kobold is moderately wounded.
You feel sick. The kobold hits you but does no damage.
You are more poisoned.
The giant cockroach bites you but does no damage.
The kobold hits you with a +2 short sword of venom.
You are more poisoned.
Okay, then.
You closely miss the kobold. You headbutt the kobold.
The kobold is severely wounded.
* * * LOW HITPOINT WARNING * * *
You feel extremely sick. The giant cockroach bites you.
* * * LOW HITPOINT WARNING * * *
You block the kobold's attack.
The giant cockroach bites you but does no damage.
You barely miss the kobold.
The kobold is severely wounded.
You die...

..... #.....##.PP~~~P ##
## #.....#.......PP~~♣~~
####....)#.......PP♣≈♣≈~
.........#....†#~P~♣♣♣~~
.........#.....#.~♣♣♣P♣♣
.........#.......~♣~PPPP
.........#.#+##.P~♣PPP~P
........K#.#.##.P≈~.PP#P
.......@>....##.~~~~.##~
..?....B.##### ~P~... ##
....###### ~♣~.#. # ...
# . #


You could see a giant cockroach and a kobold.

Vanquished Creatures
  3 endoplasms (D:1)
  A giant cockroach (D:1)
  2 goblins (D:1)
  2 quokkas (D:1)
  A bat (D:1)
  A rat (D:1)
10 creatures vanquished.

Notes
Turn   | Place    | Note
-------+----------+-------------------------------------------
     0 | D:1      | Peloso the Minotaur Fighter began the quest for the Orb.
     0 | D:1      | Reached XP level 1. HP: 19/19 MP: 0/0
   234 | D:1      | Reached XP level 2. HP: 24/27 MP: 1/1
   298 | D:1      | Succumbed to a kobold's poison

Illustrated notes

Levels and vault maps discovered:
D:1:      lightli_arrival_statuegarden, layout_basic, serial_bayou_lagoon_a,
          serial_bayou_pond_d

Action                     || total
---------------------------++-------
  Melee: Long sword        ||    24
         Headbutt          ||     7
 Armour: Scale mail        ||    23
  Dodge: Dodged            ||    10
  Block: Buckler           ||     6
